 Dungeon Crawl Stone Soup version 0.21-a0-279-g6037ffb (webtiles) character file.

830 tidbits the Grave Robber (level 7, 1/60 HPs)
             Began as a Green Draconian Necromancer on Sept 23, 2017.
             Was a Follower of Uskayaw.
             Quit the game on level 7 of the Dungeon.
             The game lasted 00:20:19 (2612 turns).

tidbits the Grave Robber (DrNe)                     Turns: 2612, Time: 00:20:19

Health: 1/60       AC:  6    Str: 10    XL:     7   Next: 65%
Magic:  9/12       EV: 13    Int: 17    God:    Uskayaw [*.....]
Gold:   171        SH:  0    Dex: 12    Spells: 1/13 levels left

rFire    . . .     SeeInvis .   l - +0 short sword
rCold    . . .     Gourm    .   (no shield)
rNeg     . . .     Faith    .   (armour unavailable)
rPois    +         Spirit   .   (helmet restricted)
rElec    .         Reflect  .   (no cloak)
rCorr    .         Harm     .   (no gloves)
MR       .....                  (no boots)
Stlth    ++........             (no amulet)
HPRegen  0.20/turn              (no ring)
MPRegen  0.13/turn              (no ring)

@: drained
A: breathe noxious fumes, unfitting armour, poison resistance, cold-blooded, AC
+6
a: Breathe Noxious Fumes, Stomp, Renounce Religion


You were on level 7 of the Dungeon.
You worshipped Uskayaw.
Uskayaw was noncommittal.
You were not hungry.

You visited 2 branches of the dungeon, and saw 8 of its levels.
You also visited: Sewer.

You collected 171 gold pieces.

Inventory:

Hand Weapons
 c - a +0 dagger
 l - a +0 short sword (weapon)
Missiles
 d - 22 stones (quivered)
 n - 4 tomahawks
 p - 50 arrows
 s - 62 bolts
Scrolls
 e - 3 scrolls of enchant armour
 h - a scroll of random uselessness {unknown}
 j - 4 scrolls of teleportation
 k - a scroll of remove curse
 o - a scroll of recharging {unknown}
 q - a scroll of blinking {unknown}
Potions
 g - a potion of magic
 m - a potion of brilliance
 r - 6 potions of flight
Books
 a - a book of Necromancy

   Spells                             Type                      Level
   a - Pain                           Necromancy                   1
   b - Animate Skeleton               Necromancy                   1
   c - Vampiric Draining              Necromancy                   3
   d - Regeneration                   Charms/Necromancy            3
   e - Animate Dead                   Necromancy                   4
   f - Control Undead                 Necromancy                   4
 f - a book of Misfortune
   (You found it on level 4 of the Dungeon)

   Spells                             Type                      Level
   a - Confusing Touch                Hexes                        1
   b - Confuse                        Hexes                        3
   c - Gell's Gravitas                Translocation                3
   d - Petrify                        Transmutation/Earth          4
   e - Metabolic Englaciation         Hexes/Ice                    5
   f - Yara's Violent Unravelling     Hexes/Transmutation          5
Comestibles
 b - 2 bread rations
 i - a meat ration


   Skills:
 + Level 4.4(3.7) Fighting
 + Level 4.2(3.6) Dodging
 - Level 1.7(1.1) Stealth
 - Level 3.8(3.1) Spellcasting
 - Level 6.3(5.6) Necromancy


You had one spell level left.
You knew the following spells:

 Your Spells              Type           Power        Failure   Level  Hunger
a - Pain                  Necr           ###.         1%          1    None
n - Animate Skeleton      Necr           N/A          1%          1    None
r - Regeneration          Chrm/Necr      ##........   16%         3    ###....
v - Vampiric Draining     Necr           ###.......   4%          3    ###....
N - Animate Dead          Necr           N/A          16%         4    ####...


Dungeon Overview and Level Annotations

Branches:
Dungeon (7/15)             Temple (1/1) D:5

Altars:
Fedhas
Nemelex Xobeh
Ru
Uskayaw

Annotations:
D:6 Grinder


Innate Abilities, Weirdness & Mutations

You can breathe blasts of noxious fumes.
Your lurid green scales are hard. (AC +6)
You cannot fit into any form of body armour.
Your system is resistant to poisons. (rPois)
You are cold-blooded and may be slowed by cold attacks.


Message History

The orc shouts!
Found 13 poisoned needles.
Found a stone staircase leading down.
An orc comes into view.
Unknown command.
The orc wizard points at you and mumbles some strange words.
The magic dart hits you!
* * * LOW HITPOINT WARNING * * *
An orc comes into view. It is wielding a short sword.
The orc wizard gestures wildly while chanting.
The orc wizard seems to speed up.
You see here 13 poisoned needles.
There is a stone staircase leading down here.
The orc wizard gestures wildly while chanting.
The orc wizard blinks!
You climb downwards.
A crimson imp comes into view.
Found a dagger.
There is a stone staircase leading up here.
Casting: Animate Skeleton
Confirm with . or Enter, or press ? or * to list all spells.
Your skin crawls.
The crimson imp shouts!
A wight comes into view. It is wielding a hand axe.
Your skin is crawling a little less now.
A wight comes into view. It is wielding an enchanted trident.
The crimson imp blinks!
Your skin stops crawling. 2 jackals come into view.
The jackal barks!
Found 21 gold pieces.
Found 22 arrows.
Casting: Regeneration
Confirm with . or Enter, or press ? or * to list all spells.
Aiming: Pain
Press: ? - help, Shift-Dir - straight line, f - jackal
Aim: a jackal (chance to defeat MR: 93%)
The jackal writhes in agony!
You kill the jackal!
The jackal misses you. The jackal completely misses you.
Casting: Pain
Confirm with . or Enter, or press ? or * to list all spells.
Aiming: Pain
Press: ? - help, Shift-Dir - straight line, f - jackal
Aim: a jackal (chance to defeat MR: 93%)
The jackal writhes in agony!
The jackal closely misses you.
Casting: Pain
Confirm with . or Enter, or press ? or * to list all spells.
Aiming: Pain
Press: ? - help, Shift-Dir - straight line, f/p - jackal
Aim: a jackal (lightly wounded, chance to defeat MR: 93%)
The jackal writhes in agony!
The jackal barely misses you.
Okay, then.
The jackal completely misses you.
Found 16 gold pieces.
The jackal barely misses you. The jackal misses you.
Casting: Pain
Confirm with . or Enter, or press ? or * to list all spells.
Aiming: Pain
Press: ? - help, Shift-Dir - straight line, f/p - jackal
Aim: a jackal (heavily wounded, chance to defeat MR: 93%)
The jackal writhes in agony!
You kill the jackal!
Found a ruby potion.
All of the chunks of flesh in your inventory have rotted away.
A leopard gecko skeleton comes into view.
Found a dire flail.
Found 2 potions of flight.
You see here 2 potions of flight.
r - 6 potions of flight (gained 2)
The leopard gecko skeleton barely misses you.
The leopard gecko skeleton bites you but does no damage.
The wight closely misses you.
You hit the leopard gecko skeleton.
The leopard gecko skeleton is lightly damaged.
The leopard gecko skeleton bites you.
The wight hits you from afar with an enchanted trident!
You feel drained.
The leopard gecko skeleton closely misses you.
The wight hits you with a hand axe.
* * * LOW HITPOINT WARNING * * *
The wight hits you with an enchanted trident!
* * * LOW HITPOINT WARNING * * *
You feel drained.
The leopard gecko skeleton bites you but does no damage.
A wight comes into view. It is wielding an enchanted halberd.
The wight hits you but does no damage.
The wight hits you from afar with an enchanted trident.
* * * LOW HITPOINT WARNING * * *
The leopard gecko skeleton bites you but does no damage.
A centaur comes into view.
The centaur wields a shortbow.
The centaur shoots an arrow.
The arrow closely misses you.
The centaur shoots an arrow.
The arrow hits you!
* * * LOW HITPOINT WARNING * * *
The centaur shoots an arrow.
The arrow hits you.
* * * LOW HITPOINT WARNING * * *
You see here 2 arrows.
The centaur shoots an arrow.
The arrow barely misses you.
Are you sure you want to abandon this character and quit the game? (Confirm with "yes".)

#.###.......# ....
#...........### .... ##
##....z........###....
#.##.....###............#
#.#....## ##..z.....###
##..Z..## #..#.....##
#.#..#### #..###.....#
#####Zz(###..## #.....##
###z@...c.# ##.....##
###....... #......#
..###.......#..# #.#
#.....#.... .#
##........# .. ##.....###
.. ##..### .. ...# ...


You could see a centaur, 2 wights and a leopard gecko skeleton.

Vanquished Creatures
  The ghost of tilp the Firebug, an amateur HOFE (D:4)
  Sigmund (D:5)
  A scorpion (D:5)
  A crimson imp (D:5)
  A bullfrog zombie (D:5)
  3 orc priests (D:5)
  A worker ant (D:5)
  A merfolk siren (Sewer)
  A hound skeleton (D:5)
  5 adders
  A river rat (Sewer)
  An ooze (D:2)
  2 worms
  A dart slug (D:1)
  4 leopard geckos
  8 orcs
  3 ball pythons (Sewer)
  4 bats
  3 giant cockroaches
  6 hobgoblins
  2 jackals (D:7)
  2 quokkas
  4 frilled lizards
  3 goblins (D:1)
  8 kobolds (D:1)
  21 rats
89 creatures vanquished.

Vanquished Creatures (collateral kills)
  A sky beast (D:5)
  A merfolk avatar (Sewer)
  A leopard gecko (Sewer)
  2 orcs (D:5)
  2 ball pythons (Sewer)
  A giant cockroach (Sewer)
  A frilled lizard (Sewer)
  5 rats (Sewer)
14 creatures vanquished.

Vanquished Creatures (others)
  16 toadstools (D:3)
16 creatures vanquished.

Grand Total: 119 creatures vanquished

Notes
Turn   | Place    | Note
-------+----------+-------------------------------------------
     0 | D:1      | tidbits the Draconian Necromancer began the quest for the Orb.
     0 | D:1      | Reached XP level 1. HP: 14/14 MP: 3/3
   220 | D:1      | Reached XP level 2. HP: 17/20 MP: 1/5
   711 | D:2      | Reached XP level 3. HP: 15/26 MP: 0/6
   714 | D:2      | Learned a level 1 spell: Animate Skeleton
   973 | D:4      | Noticed tilp's ghost (amateur HOFE)
   987 | D:4      | Found a sacrificial altar of Ru.
  1013 | D:4      | Killed tilp's ghost
  1013 | D:4      | Reached skill level 3 in Spellcasting
  1013 | D:4      | Reached skill level 6 in Necromancy
  1013 | D:4      | Reached XP level 4. HP: 9/33 MP: 5/9
  1013 | D:4      | Reached XP level 5. HP: 10/38 MP: 5/10
  1153 | D:5      | Entered Level 5 of the Dungeon
  1159 | D:5      | Reached XP level 6. HP: 28/45 MP: 6/11
  1192 | D:5      | Reached skill level 2 in Dodging
  1198 | D:5      | Learned a level 4 spell: Animate Dead
  1202 | D:5      | Learned a level 3 spell: Vampiric Draining
  1206 | D:5      | Learned a level 3 spell: Regeneration
  1212 | D:5      | Found a staircase to the Ecumenical Temple.
  1221 | Temple   | Entered the Ecumenical Temple
  1238 | Temple   | Became a worshipper of Uskayaw the Reveler
  1521 | D:4      | Found a glowing drain.
  1522 | D:4      | Reached * piety under Uskayaw
  1534 | Sewer    | Entered a sewer
  1566 | Sewer    | Reached skill level 1 in Fighting
  1566 | Sewer    | Reached ** piety under Uskayaw
  1783 | Sewer    | Reached skill level 2 in Fighting
  1999 | D:3      | Found a blossoming altar of Fedhas.
  2151 | D:2      | Found a faded altar of an unknown god.
  2251 | D:5      | Reached skill level 3 in Dodging
  2254 | D:5      | Reached *** piety under Uskayaw
  2263 | D:5      | Reached **** piety under Uskayaw
  2302 | D:6      | Noticed Grinder
  2331 | D:5      | Noticed Sigmund
  2338 | D:5      | Killed Sigmund
  2338 | D:5      | Reached skill level 3 in Fighting
  2338 | D:5      | Your scales start taking on a lurid green colour.
  2338 | D:5      | Reached XP level 7. HP: 52/57 MP: 5/12
  2338 | D:5      | Gained mutation: Your system is resistant to poisons. (rPois) [Green Draconian growth]
  2400 | D:5      | Reached skill level 4 in Fighting
  2400 | D:5      | Reached skill level 4 in Dodging
  2610 | D:7      | HP: 1/60 [centaur/arrow (6)]
  2612 | D:7      | Quit the game

Vault maps used:
D:1:      elethiomel_arrival_maze
D:2:      grunt_temple_overflow_open, chequers_ecumenical_altar_grove,
          uniq_jessica
D:3:      tso_altar, kennysheep_cross_room, tgw_fedhas
D:4:      nicolae_ru_awakened_eye, first_bread, portal_sewer_entry_d
D:5:      old_forge, lemuel_round_altar, minmay_temple_entry_trees, basic_altar,
          eino_small_chamber_without_monster, kennysheep_generic_room_7,
          uniq_crazy_yiuf_cottage, uniq_sigmund, uniq_menkaure
D:6:      minmay_cornered_nines, serial_shops, nicolae_shop_waterfront,
          uniq_grinder
D:7:      grunt_livestock
Temple:   nicolae_temple_figure_eight
Sewer:    sewer_sea

Skill      XL: |  1  2  3  4  5  6  7 |
---------------+----------------------+-----
Spellcasting   | 3 |  3.8
Necromancy     | 6 |  6.3
Dodging        | 3 4 |  4.2
Fighting       | 3 4 |  4.4
Stealth        | |  1.7

Action                   |  1- 3 |  4- 6 |  7- 9 || total
-------------------------+-------+-------+-------++-------
Melee: Dagger            |     3 |       |       ||     3
       Unarmed           |    20 |       |       ||    20
       Short sword       |     9 |    71 |    48 ||   128
       Tailslap          |     2 |     5 |     6 ||    13
Throw: Stone             |       |     1 |       ||     1
 Cast: Pain              |    57 |    72 |    26 ||   155
       Animate Skeleton  |       |     4 |     2 ||     6
       Regeneration      |       |     3 |     1 ||     4
       Vampiric Draining |       |     2 |     1 ||     3
       Animate Dead      |       |     1 |       ||     1
 Abil: Breathe Noxious F |       |       |     1 ||     1
  Use: Scroll            |     2 |     2 |     1 ||     5
       Potion            |     2 |       |       ||     2
 Stab: Confused          |       |       |     1 ||     1
  Eat: Chunk             |     2 |     6 |     1 ||     9
Armor: Skin              |    16 |    18 |    26 ||    60
Dodge: Dodged            |    18 |    50 |    32 ||   100

Table legend:
 A = Spawn XP
 B = Non-spawn XP
 C = Spawn XP percentage of total XP
 D = Spawn monster count
 E = Non-spawn monster count
 F = Spawn count percentage of total count
 G = Total turns spent on level
                    A         B        C        D         E        F      G
               +---------+---------+-------+---------+---------+-------+---------
         Total |       0 |    1186 |   0.0 |       0 |     103 |   0.0 |  2612
               +---------+---------+-------+---------+---------+-------+---------
           D:1 |       0 |      38 |   0.0 |       0 |      23 |   0.0 |   712
           D:2 |       0 |      31 |   0.0 |       0 |       8 |   0.0 |   299
           D:3 |       0 |      12 |   0.0 |       0 |       4 |   0.0 |   152
           D:4 |       0 |     294 |   0.0 |       0 |       5 |   0.0 |   617
           D:5 |       0 |     660 |   0.0 |       0 |      20 |   0.0 |   418
           D:7 |       0 |       4 |   0.0 |       0 |       2 |   0.0 |    66
         Sewer |       0 |     147 |   0.0 |       0 |      41 |   0.0 |   294
               +---------+---------+-------+---------+---------+-------+---------

Table legend:
 A = Turns spent in this place as a percentage of turns spent in the entire game.
 B = Non-inter-level travel turns spent in this place as a percentage of non-inter-level travel turns spent in the entire game.
 C = Inter-level travel turns spent in this place as a percentage of turns spent in this place.
 D = Turns resting spent in this place as a percentage of non-inter-level travel turns spent in this place.
 E = Turns spent auto-exploring this place as a percentage of non-inter-level travel turns spent in this place.
 F = Non-inter-level travel turns spent in this place divided by the number of levels of this place that you've seen.
                   A       B       C       D       E      F
               +-------+-------+-------+-------+-------+----------------------
         Total | 100.0 | 100.0 |   5.3 |   0.0 |   0.0 | 274.8
       Dungeon |  87.6 |  87.3 |   5.6 |   0.0 |   0.0 | 308.6
        Temple |   1.1 |   0.8 |  36.7 |   0.0 |   0.0 |  19.0
         Sewer |  11.3 |  11.9 |   0.0 |   0.0 |   0.0 | 294.0
               +-------+-------+-------+-------+-------+----------------------

Table legend:
 A = Kills in this place as a percentage of kills in entire the game.
 B = Kills by you in this place as a percentage of kills by you in the entire game.
 C = Kills by friends in this place as a percentage of kills by friends in the entire game.
 D = Other kills in this place as a percentage of other kills in the entire game.
 E = Experience gained in this place as a percentage of experience gained in the entire game.
 F = Experience gained in this place divided by the number of levels of this place that you have seen.
                   A       B       C       D       E      F
               +-------+-------+-------+-------+-------+----------------------
         Total | 100.0 | 100.0 | 100.0 |   N/A | 100.0 | 131.8
       Dungeon |  60.2 |  66.3 |  21.4 |   N/A |  87.6 | 148.4
         Sewer |  39.8 |  33.7 |  78.6 |   N/A |  12.4 | 147.0
               +-------+-------+-------+-------+-------+----------------------

Vault maps used:
D:1:      elethiomel_arrival_maze
D:2:      grunt_temple_overflow_open, chequers_ecumenical_altar_grove,
          uniq_jessica
D:3:      tso_altar, kennysheep_cross_room, tgw_fedhas
D:4:      nicolae_ru_awakened_eye, first_bread, portal_sewer_entry_d
D:5:      old_forge, lemuel_round_altar, minmay_temple_entry_trees, basic_altar,
          eino_small_chamber_without_monster, kennysheep_generic_room_7,
          uniq_crazy_yiuf_cottage, uniq_sigmund, uniq_menkaure
D:6:      minmay_cornered_nines, serial_shops, nicolae_shop_waterfront,
          uniq_grinder
D:7:      grunt_livestock
Temple:   nicolae_temple_figure_eight
Sewer:    sewer_sea
